 Dungeon Crawl Stone Soup version 0.23-a0-607-g760965b (webtiles) character file.

220 aspa the Magician (level 5, -3/31 HPs)
             Began as an Octopode Wizard on Dec 20, 2018.
             Killed by divine providence
             ... invoked by an orc priest
              (15 damage)
             ... on level 3 of the Dungeon.
             The game lasted 00:09:42 (3601 turns).

aspa the Magician (Octopode Wizard)                 Turns: 3601, Time: 00:09:43

Health: -3/31      AC:  1    Str:  6    XL:     5   Next: 97%
Magic:  2/12       EV: 13    Int: 22    God:
Gold:   174        SH:  0    Dex: 10    Spells: 4/14 levels left

rFire    . . .     SeeInvis .   a - +0 spear
rCold    . . .     Gourm    .   (no shield)
rNeg     . . .     Faith    .   j - +0 hat
rPois    .         Spirit   .   e - amulet of harm (curse)
rElec    .         Reflect  .   (no ring)
rCorr    .         Harm     +   (no ring)
MR       .....                  (no ring)
Stlth    +++.......             (no ring)
HPRegen  0.10/turn              (no ring)
MPRegen  0.13/turn              (no ring)
                                (no ring)
                                (no ring)

@: very slightly contaminated
A: almost no armour, stealthy swim, amphibious, 8 rings, constrict 8, camouflage
1, gelatinous body 1
a: no special abilities


You were on level 3 of the Dungeon.
You were not hungry.

You visited 1 branch of the dungeon, and saw 4 of its levels.

You collected 174 gold pieces.

Inventory:

Hand Weapons
 a - a +0 spear (weapon)
 b - a +2 whip of freezing
Armour
 j - a +0 hat (worn)
Jewellery
 e - a cursed amulet of harm (around mantle)
Scrolls
 f - a scroll of teleportation {unknown}
 h - 3 scrolls of identify {unknown}
 i - a scroll of enchant weapon {unknown}
 k - a scroll of magic mapping {unknown}
 m - a scroll of remove curse {unknown}
 n - a scroll of immolation {unknown}
 p - a scroll of fog {unknown}
 q - 2 scrolls of enchant armour {unknown}
Potions
 d - a potion of agility
 g - a potion of flight {unknown}
 l - a potion of invisibility
 o - a potion of lignification {unknown}
 r - a potion of mutation {unknown}
 t - a potion of cancellation {unknown}
 u - a potion of heal wounds
Comestibles
 c - 8 rations


   Skills:
 - Level 2.0 Dodging
 - Level 2.6 Stealth
 + Level 5.3 Spellcasting
 - Level 3.0 Conjurations
 - Level 1.0 Summonings
 - Level 1.0 Translocations


You had 4 spell levels left.
You knew the following spells:

 Your Spells              Type           Power        Failure   Level  Hunger
a - Magic Dart            Conj           ###.         2%          1    None
b - Call Imp              Summ           ##......     10%         2    None
c - Mephitic Cloud        Conj/Pois/Air  ##......     19%         3    ##.....
d - Blink                 Tloc           N/A          10%         2    None
e - Slow                  Hex            #.......     14%         2    None

Your spell library contained the following spells:

 Spells                   Type           Power        Failure   Level  Hunger
 Conjure Flame            Conj/Fire      ##......     16%         3    ##.....


Dungeon Overview and Level Annotations

Branches:
Dungeon (4/15)
 Temple: D:4-7

Altars:
Cheibriados
Wu Jian
Xom

Annotations:
D:3 3 runed doors, exclusion: 3 doors, CcS's ghost, amateur DDEE; Mgcat's ghost, amateur TrMo; PeterLawrence's ghost, amateur MiFi; Stiffzip's ghost, weakling NaWz; galech's ghost, amateur DsFi
D:4 Eustachio


Innate Abilities, Weirdness & Mutations

You cannot wear most types of armour.
You are very stealthy in the water. (Stealth+)
You are amphibious.
You can wear up to eight rings at the same time.
You can use your tentacles to constrict eight enemies at once.
Your skin changes colour to match your surroundings (Stealth+).
Your rubbery body absorbs attacks. (AC +1, EV +1)


Message History

The orc priest is heavily wounded.
The orc wizard casts a spell.
The orc wizard flickers and vanishes!
Deactivating autopickup; reactivate with Ctrl-A.
The orc priest hits you with a +0 hand axe!
The orc priest hits your crimson imp but does no damage.
Your crimson imp misses the orc priest.
The orc priest hits you with a +0 hand axe!
The orc priest closely misses your crimson imp.
Your crimson imp blinks!
You climb upwards.
Level annotation: 3 runed doors, exclusion: 3 doors, CcS's ghost, amateur DDEE; Reactivating autopickup.
There is a stone staircase leading down here.
Casting: Magic Dart (safe; 2% risk of failure)
Confirm with . or Enter, or press ? or * to list all spells.
A shadowy apparition takes form in the air.
The orc priest invokes the aid of Beogh against you.
Beogh smites you!
You die...

##......##.........###
#......###.......##
####.### ##.....## #.#
##...## #.# ##'## #.#
#.# #5# #.# #.# ##.##
#@#######...##
#.o...##.....#####
#####.###........#
#.####.###....
#..........#.#
######.#####.#
#.#####.# ##.......#
#.....####


You could see an orc priest and a friendly shadow imp.

Vanquished Creatures
  A worker ant (D:4)
  3 gnolls (D:3)
  5 adders
  An ooze (D:2)
  A dart slug (D:1)
  An orc (D:3)
  5 bats (D:2)
  2 giant cockroaches
  11 goblins
  6 hobgoblins
  8 jackals
  A quokka (D:2)
  2 ball pythons
  4 frilled lizards
  8 kobolds
  11 rats
70 creatures vanquished.

Vanquished Creatures (collateral kills)
  An orc priest (D:4)
  2 gnolls
  An adder (D:3)
  A dart slug (D:2)
  An orc (D:4)
  2 jackals (D:2)
8 creatures vanquished.

Grand Total: 78 creatures vanquished

Notes
Turn   | Place    | Note
-------+----------+-------------------------------------------
     0 | D:1      | aspa the Octopode Wizard began the quest for the Orb.
     0 | D:1      | Reached XP level 1. HP: 11/11 MP: 4/4
   276 | D:1      | Reached XP level 2. HP: 17/17 MP: 3/6
   280 | D:1      | Learned a level 2 spell: Call Imp
  1029 | D:1      | Reached XP level 3. HP: 21/21 MP: 5/8
  1034 | D:1      | Learned a level 3 spell: Mephitic Cloud
  1037 | D:1      | Learned a level 2 spell: Blink
  1395 | D:3      | Found a runed gate.
  1395 | D:3      | Found a runed gate.
  1395 | D:3      | Found a runed gate.
  1508 | D:2      | Found a shimmering altar of Xom.
  1530 | D:2      | Reached skill level 4 in Spellcasting
  1762 | D:2      | Reached XP level 4. HP: 22/27 MP: 1/10
  2137 | D:3      | Learned a level 2 spell: Slow
  2236 | D:3      | Found an ornate altar of the Wu Jian Council.
  2315 | D:3      | Noticed Mgcat's ghost (amateur TrMo)
  2315 | D:3      | Noticed Stiffzip's ghost (weakling NaWz)
  2316 | D:3      | Noticed CcS's ghost (amateur DDEE)
  2316 | D:3      | Noticed galech's ghost (amateur DsFi)
  2317 | D:3      | Noticed PeterLawrence's ghost (amateur MiFi)
  2374 | D:3      | Reached XP level 5. HP: 31/31 MP: 2/11
  2812 | D:3      | Found a snail-covered altar of Cheibriados.
  3367 | D:4      | Reached skill level 5 in Spellcasting
  3487 | D:4      | Noticed Eustachio
  3601 | D:3      | Killed from afar by an orc priest

Vault maps used:
D:1:      psy_arrival_basics, minmay_misc_feat_x
D:2:      first_ration, xom_teletrap_fun
D:3:      lemuel_doored_altar, lemuel_round_altar, gammafunk_ghost_cemetery
D:4:      overflow_temple_1_default, uniq_eustachio

Skill      XL: |  1  2  3  4  5 |
---------------+----------------+-----
Spellcasting   | 4 5 |  5.3
Conjurations   | 2 3 |  3.0
Dodging        | |  2.0
Stealth        | |  2.6
Summonings     | |  1.0
Translocations | |  1.0

Action                   |  1- 3 |  4- 6 || total
-------------------------+-------+-------++-------
Melee: Unarmed           |     7 |       ||     7
       Constrict         |     3 |     4 ||     7
       Tentacles         |     2 |     3 ||     5
       Spear             |     9 |    24 ||    33
 Cast: Magic Dart        |    70 |    93 ||   163
       Call Imp          |     6 |     9 ||    15
       Blink             |       |     2 ||     2
  Use: Potion            |       |     3 ||     3
 Stab: Sleeping          |     3 |     1 ||     4
  Eat: Chunk             |     2 |     6 ||     8
Armor: Skin              |     3 |     1 ||     4
Dodge: Dodged            |    19 |    25 ||    44

Table legend:
 A = Non-vault XP
 B = Vault XP
 C = Vault XP percentage of total XP
 D = Non-vault monster count
 E = Vault monster count
 F = Vault count percentage of total count
                 A         B        C        D         E       F
            +---------+---------+-------+---------+---------+-------
      Total |     315 |       0 |   0.0 |      78 |       0 |   0.0
            +---------+---------+-------+---------+---------+-------
        D:1 |      43 |       0 |   0.0 |      23 |       0 |   0.0
        D:2 |      55 |       0 |   0.0 |      22 |       0 |   0.0
        D:3 |     116 |       0 |   0.0 |      27 |       0 |   0.0
        D:4 |     101 |       0 |   0.0 |       6 |       0 |   0.0
            +---------+---------+-------+---------+---------+-------
